[Event "Early-Titled-Tuesday-Blitz-January-16-2024"]
[Site "Chess.com"]
[Date "2024.01.16"]
[Round "9"]
[White "IM_ArthurDW08"]
[Black "Iskusnyh"]
[Result "0-1"]
[WhiteElo "2771"]
[BlackElo "2656"]
[TimeControl "180+1"]
[EndTime "9:44:10 PST"]
[Termination "Iskusnyh won by resignation"]

1. e4 e6 2. d4 d5 3. Nc3 Nf6 4. Bg5 dxe4 5. Nxe4 Nbd7 6. Nf3 h6 7.
Nxf6+ Nxf6 8. Bd2 c5 9. dxc5 Bxc5 10. Bd3 O-O 11. Qe2 e5 12. O-O-O Re8 13. Bc3 Qb6 14. Nxe5 Be6 15. Bc4 Bxf2 16. Bxe6 Rxe6 17. Qc4 Qe3+ 18. Kb1 Rxe5 19. Bd4 Qe2 0-1

[Event "Early-Titled-Tuesday-Blitz-January-16-2024"]
[Site "Chess.com"]
[Date "2024.01.16"]
[Round "9"]
[White "Millerkallpa"]
[Black "ChessSwole"]
[Result "0-1"]
[WhiteElo "2172"]
[BlackElo "2682"]
[TimeControl "180+1"]
[EndTime "9:44:35 PST"]
[Termination "ChessSwole won by resignation"]

1. e4 c5 2. Nf3 d6 3. d4 cxd4 4. Nxd4 Nf6 5. Nc3 Nc6 6. Bg5 e6 7. f4 h6 8. Bxf6 Qxf6 9. Ndb5 Qd8 10. Qd2 a6 11. Nd4 g5 12. f5 Bg7 13. Nxc6 bxc6 14.
O-O-O Be5 15. Kb1 Rb8 16. Bd3 Qa5 17. Ka1 Rxb2 18. Kxb2 Qb4+ 0-1

[Event "Early-Titled-Tuesday-Blitz-January-16-2024"]
[Site "Chess.com"]
[Date "2024.01.16"]
[Round "9"]
[White "TheNextLevelFan"]
[Black "GrumbleBruno"]
[Result "0-1"]
[WhiteElo "2585"]
[BlackElo "2490"]
[TimeControl "180+1"]
[EndTime "9:44:38 PST"]
[Termination "GrumbleBruno won by resignation"]

1. e4 e5 2. f4 d5 3. exd5 Bc5 4. d4 exd4 5. Nf3 Nf6 6. Bb5+ Bd7 7. Bc4 O-O 8. O-O Bg4 9. h3 d3+ 10. Kh2 dxc2 11. Qxc2 Bxf3 12. Rxf3 Nbd7 13. Nc3 Nb6 14. Bb3 Re8 15. Bd2 Bf8 16. Rd1 Nbxd5 17. Nxd5 Nxd5 18.
Bc3 c6 19. Qf5 Qc8 20. Bxd5 Qxf5 0-1

[Event "Early-Titled-Tuesday-Blitz-January-16-2024"]
[Site "Chess.com"]
[Date "2024.01.16"]
[Round "9"]
[White "Ezov"]
[Black "GMT4114"]
[Result "1-0"]
[WhiteElo "2228"]
[BlackElo "1993"]
[TimeControl "180+1"]
[EndTime "9:44:40 PST"]
[Termination "Ezov won by resignation"]

1. d4 e6 2. Nc3 f5 3. g4 fxg4 4. h3 g3 5. fxg3 Nf6 6. e4 Bb4 7. Bd3 b6 8. e5 Nd5 9. Qh5+ Kf8 10. Ne2 Qe7 11. Bg5 Qe8 12. O-O+ Nf6 13. Qh4 Bb7 14. exf6 gxf6 15. Rxf6+ Kg8 1-0

[Event "Early-Titled-Tuesday-Blitz-January-16-2024"]
[Site "Chess.com"]
[Date "2024.01.16"]
[Round "9"]
[White "KSho99"]
[Black "SmirnovTimofey2000"]
[Result "1-0"]
[WhiteElo "2180"]
[BlackElo "1985"]
[TimeControl "180+1"]
[EndTime "9:44:42 PST"]
[Termination "KSho99 won by resignation"]

1. Nf3 d5 2. g3 Bf5 3. Bg2 e6 4.
O-O Nf6 5. c4 c6 6. Qb3 Qb6 7. d3 Be7 8. Be3 c5 9. Nh4 Bg6 10.
cxd5 exd5 11. Qxb6 axb6 12. Nc3 d4 13. Nb5 Na6 14.
Bxb7 Ra7 15. Nxa7 1-0

[Event "Early-Titled-Tuesday-Blitz-January-16-2024"]
[Site "Chess.com"]
[Date "2024.01.16"]
[Round "9"]
[White "Maxfan2008"]
[Black "kai_nov"]
[Result "1-0"]
[WhiteElo "2482"]
[BlackElo "2316"]
[TimeControl "180+1"]
[EndTime "9:44:50 PST"]
[Termination "Maxfan2008 won by resignation"]

1. d4 Nf6 2. c4 e6 3. Nc3 Bb4 4. Nf3 d5 5. cxd5 Nxd5 6. Qb3 O-O 7. e4 Bxc3+ 8. bxc3 Nb6 9. a4 a5 10. Ba3 Re8 11.
Bd3 Na6 12. O-O Bd7 13. Bb5 c6 14. Bd3 c5 15. Rab1 Nxa4 16. Ne5 Rb8 17. Nxd7 Qxd7 18.
Bb5 c4 19. Qxa4 1-0

[Event "Early-Titled-Tuesday-Blitz-January-16-2024"]
[Site "Chess.com"]
[Date "2024.01.16"]
[Round "9"]
[White "MikaelyanArman"]
[Black "GHANDEEVAM2003"]
[Result "1-0"]
[WhiteElo "2860"]
[BlackElo "2994"]
[TimeControl "180+1"]
[EndTime "9:44:59 PST"]
[Termination "MikaelyanArman won by resignation"]

1. d4 g6 2. e4 Bg7 3. Nf3 c6 4. h3 d5 5. Nc3 Nf6 6. Bd3 dxe4 7.
Nxe4 Bf5 8. Nxf6+ Bxf6 9. O-O Bxd3 10. Qxd3 O-O 11. Bh6 Re8 12. Rfe1 c5 13. dxc5 Na6 14. Qb5 Qc7 15. b4 Bxa1 16. Rxa1 Qc6 17. Qc4 Nc7 18. Re1 Qd5 19. Qc3 f6 20. a4 e5 21. Be3 Ne6 22.
Nd2 Rac8 23. Qc4 Red8 24. Qxd5 Rxd5 25. Ne4 f5 26. Nf6+ 1-0

[Event "Early-Titled-Tuesday-Blitz-January-16-2024"]
[Site "Chess.com"]
[Date "2024.01.16"]
[Round "9"]
[White "xakevicius91"]
[Black "Bkmzzzzz"]
[Result "1-0"]
[WhiteElo "2546"]
[BlackElo "2412"]
[TimeControl "180+1"]
[EndTime "9:45:03 PST"]
[Termination "xakevicius91 won by resignation"]

1. e4 d6 2. d4 Nf6 3. Nc3 e5 4.
Nge2 Be7 5. h3 c6 6. a4 O-O 7. g4 Nbd7 8. Bg2 b6 9. g5 Nh5 10. Bf3 Nf4 11. Nxf4 exf4 12. h4 f5 13. Qd3 d5 14. exd5 a5 15. dxc6 Ba6 16. Nb5 Bxb5 17. axb5 Nb8 18. Qc4+ Kh8 19. c7 1-0

[Event "Early-Titled-Tuesday-Blitz-January-16-2024"]
[Site "Chess.com"]
[Date "2024.01.16"]
[Round "9"]
[White "Darkbluelord"]
[Black "stratacticos"]
[Result "1-0"]
[WhiteElo "2168"]
[BlackElo "1969"]
[TimeControl "180+1"]
[EndTime "9:45:03 PST"]
[Termination "Darkbluelord won by resignation"]

1. e4 c5 2. Nc3 Nc6 3. f4 e6 4.
Nf3 a6 5. a4 d6 6. g3 Be7 7. Bg2 Nf6 8. O-O O-O 9. d3 Bd7 10. Ne2 b5 11. h3 b4 12. g4 Ne8 13.
Ng3 a5 14. g5 f6 15. h4 e5 16. f5 Nd4 17. Nxd4 cxd4 18. g6 h6 19. Qh5 d5 20. Bxh6 gxh6 21. Qxh6 Rf7 22. gxf7+ Kxf7 23. Qg6+ Kf8 24. h5 Nd6 25. h6 Bc6 26. h7 1-0

[Event "Early-Titled-Tuesday-Blitz-January-16-2024"]
[Site "Chess.com"]
[Date "2024.01.16"]
[Round "9"]
[White "Carlitus2004"]
[Black "SahibSinghKnight"]
[Result "0-1"]
[WhiteElo "2442"]
[BlackElo "2662"]
[TimeControl "180+1"]
[EndTime "9:45:13 PST"]
[Termination "SahibSinghKnight won by resignation"]

1. e4 e6 2. d4 d5 3. exd5 exd5 4. h3 Bd6 5. Nf3 Nf6 6. Bd3 O-O 7. O-O c6 8. Nc3 Nbd7 9. b3 Qc7 10. Bb2 Re8 11. Re1 Rxe1+ 12. Qxe1 Nf8 13. Qd2 Bf4 14. Qd1 Ng6 15. Ne2 Bd6 16. Qd2 Ne4 17. Bxe4 dxe4 18. Ne5 Be6 19. Re1 Nxe5 20. dxe5 Bxe5 21.
Bxe5 Qxe5 22. Qf4 Qc5 23. c4 Qa5 24. Nd4 Qxe1+ 0-1

[Event "Early-Titled-Tuesday-Blitz-January-16-2024"]
[Site "Chess.com"]
[Date "2024.01.16"]
[Round "9"]
[White "GroovyKettle"]
[Black "shimastream"]
[Result "0-1"]
[WhiteElo "2950"]
[BlackElo "3022"]
[TimeControl "180+1"]
[EndTime "9:45:15 PST"]
[Termination "shimastream won by resignation"]

1. e4 c5 2. Nf3 e6 3. d4 cxd4 4.
Nxd4 Bc5 5. Nb3 Bb6 6. Nc3 Ne7 7. Qe2 O-O 8. Be3 Nbc6 9. O-O-O d5 10. exd5 exd5 11. Bxb6 Qxb6 12. Qe3 Qxe3+ 13. fxe3 Be6 14. e4 dxe4 15. Nxe4 b6 16. Ng5 Bg4 17. Re1 h6 18. Nf3 Rac8 19. c3 Rfd8 20. Ba6 Rc7 21. Rd1 Rcd7 22.
Rxd7 Rxd7 23. Bb5 Bxf3 24. gxf3 Rd5 25. Be2 Ng6 26. Kc2 Nf4 27. Bc4 Rg5 28. Rd1 Ne5 29. Ba6 Nxf3 30. Nd4 Rg2+ 31. Kb3 Nxd4+ 32. Rxd4 Ne6 0-1

[Event "Early-Titled-Tuesday-Blitz-January-16-2024"]
[Site "Chess.com"]
[Date "2024.01.16"]
[Round "9"]
[White "Nikita_Klepikov"]
[Black "Sanyura"]
[Result "0-1"]
[WhiteElo "2384"]
[BlackElo "2625"]
[TimeControl "180+1"]
[EndTime "9:45:16 PST"]
[Termination "Sanyura won by resignation"]

1. e4 c6 2. d4 d5 3. Nd2 dxe4 4. Nxe4 Nf6 5. Nxf6+ exf6 6. c3 Bd6 7. Bd3 O-O 8. Qc2 Re8+ 9. Ne2 h5 10. O-O h4 11.
Re1 Nd7 12. Bf4 Nf8 13. Rad1 Rxe2 14. Qxe2 Bxf4 15. Qe4 Qc7 16. g3 hxg3 17. hxg3 Bd6 18. Kg2 Be6 19. c4 Ng6 20. Rh1 Re8 21. Rde1 Bh3+ 22.
Rxh3 Rxe4 23. Bxe4 Qd7 24. Rh5 Nf4+ 0-1

[Event "Early-Titled-Tuesday-Blitz-January-16-2024"]
[Site "Chess.com"]
[Date "2024.01.16"]
[Round "9"]
[White "Maestro-Fermin"]
[Black "Nikolakis2014"]
[Result "0-1"]
[WhiteElo "2618"]
[BlackElo "2744"]
[TimeControl "180+1"]
[EndTime "9:45:18 PST"]
[Termination "Nikolakis2014 won by resignation"]

1. d4 Nf6 2. Bg5 d5 3. e3 c5 4. Bxf6 gxf6 5. Nc3 Nc6 6. Qh5 cxd4 7. exd4 e6 8. O-O-O f5 9. Nge2 Qf6 10. Kb1 Bd7 11.
h4 O-O-O 12. Rh3 Rg8 13. Na4 Kb8 14. Rc3 Rg4 15. g3 Nxd4 16. Rxd4 Rxd4 17. Nxd4 Qxd4 18. Rd3 Qxf2 0-1

[Event "Early-Titled-Tuesday-Blitz-January-16-2024"]
[Site "Chess.com"]
[Date "2024.01.16"]
[Round "9"]
[White "Volodar_Murzin"]
[Black "GMRAVEN_ON_YOUTUBE"]
[Result "1-0"]
[WhiteElo "2939"]
[BlackElo "2821"]
[TimeControl "180+1"]
[EndTime "9:45:24 PST"]
[Termination "Volodar_Murzin won by checkmate"]

1. d4 f5 2. Nf3 Nf6 3. Bg5 e6 4. Nbd2 Be7 5. Bxf6 Bxf6 6. e4 fxe4 7. Nxe4 O-O 8. Bd3 Nc6 9. c3 d6 10. h4 e5 11. d5 Ne7 12. Nfg5 h6 13. Qh5 Nxd5 14.
Qg6 Re8 15. Qf7+ Kh8 16. Qxd5 c6 17. Nf7+ Kg8 18. Nxh6+ Kh7 19. Nxf6+ Kxh6 20. Qe4 Qxf6 21. Qh7# 1-0

[Event "Early-Titled-Tuesday-Blitz-January-16-2024"]
[Site "Chess.com"]
[Date "2024.01.16"]
[Round "9"]
[White "ural58"]
[Black "NinoMaisuradze"]
[Result "0-1"]
[WhiteElo "2476"]
[BlackElo "2333"]
[TimeControl "180+1"]
[EndTime "9:45:24 PST"]
[Termination "NinoMaisuradze won by resignation"]

1. e4 c5 2. b3 g6 3. Bb2 Nf6 4. e5 Nd5 5. Nc3 Nxc3 6. Bxc3 Bg7 7. h4 h5 8. Bd3 O-O 9. g4 d5 10. gxh5 d4 11. hxg6 dxc3 12. Qh5 cxd2+ 13. Kd1 fxg6 14.
Bxg6 Rf4 15. Ne2 Bg4 16. Qh7+ Kf8 17. Bd3 Qd4 18. Kxd2 Bxe2 19. Kxe2 Rxf2+ 20. Ke1 Qe3+ 0-1

[Event "Early-Titled-Tuesday-Blitz-January-16-2024"]
[Site "Chess.com"]
[Date "2024.01.16"]
[Round "9"]
[White "KononenkoD"]
[Black "stasOR4ik"]
[Result "1-0"]
[WhiteElo "2546"]
[BlackElo "2415"]
[TimeControl "180+1"]
[EndTime "9:45:26 PST"]
[Termination "KononenkoD won by resignation"]

1. e4 c6 2. c4 d5 3. exd5 cxd5 4. cxd5 Nf6 5. Bb5+ Bd7 6. Bc4 a6 7. a4 Bg4 8. Qb3 Qc7 9. Nc3 g6 10. h3 Bc8 11. d4 Bg7 12. Nge2 O-O 13. O-O Nbd7 14. Bf4 Qa5 15. Rfe1 Nb6 16. Bc7 Nfd7 17. Rad1 Re8 18. Nf4 Bxd4 19. Rxd4 Qc5 20. Bxb6 Nxb6 21. Rde4 Bf5 22.
d6 Bxe4 23. Bxf7+ Kf8 24. Ne6+ Kxf7 25. Nxc5+ 1-0

[Event "Early-Titled-Tuesday-Blitz-January-16-2024"]
[Site "Chess.com"]
[Date "2024.01.16"]
[Round "9"]
[White "marina1994"]
[Black "DraningWaterHi"]
[Result "1-0"]
[WhiteElo "2529"]
[BlackElo "2182"]
[TimeControl "180+1"]
[EndTime "9:45:30 PST"]
[Termination "marina1994 won by resignation"]

1. e4 e5 2. Nf3 Nc6 3. Bc4 Nf6 4.
d3 Bc5 5. c3 a6 6. Bb3 d6 7. Nbd2 O-O 8. h3 Ba7 9. Nf1 Ne7 10. Ng3 Ng6 11. O-O Be6 12. d4 Bxb3 13.
axb3 Qe7 14. b4 Rad8 15. Bg5 h6 16. Nf5 Qe6 17. d5 Qd7 18. Bxf6 gxf6 19. Nxh6+ Kh7 20. Nf5 Nf4 21. Nh2 Rg8 22. Ng4 Rg6 23. Qf3 Rdg8 24. Kh2 Qd8 25. g3 Nh5 26. b5 Rg5 27. bxa6 b5 28.
Ngh6 1-0

[Event "Early-Titled-Tuesday-Blitz-January-16-2024"]
[Site "Chess.com"]
[Date "2024.01.16"]
[Round "9"]
[White "publicaccountcze"]
[Black "Shuvalov"]
[Result "0-1"]
[WhiteElo "2319"]
[BlackElo "2504"]
[TimeControl "180+1"]
[EndTime "9:45:31 PST"]
[Termination "Shuvalov won by checkmate"]

1. e4 e6 2. d4 d5 3. Nd2 c5 4. Ngf3 Nc6 5. c3 cxd4 6. cxd4 Qb6 7. exd5 exd5 8. Nb3 Nf6 9. Bd3 Bb4+ 10. Bd2 O-O 11. O-O Bg4 12. Bxb4 Nxb4 13. Be2 Nc6 14. h3 Bh5 15.
Rc1 Rfe8 16. Re1 Ne4 17. Nfd2 Bxe2 18. Qxe2 Nxd4 19. Nxd4 Qxd4 20. Nb3 Qb6 21. Rcd1 Rad8 22. Kf1 Rd6 23. Qd3 Qxf2# 0-1

[Event "Early-Titled-Tuesday-Blitz-January-16-2024"]
[Site "Chess.com"]
[Date "2024.01.16"]
[Round "9"]
[White "Zurability"]
[Black "Grandelicious"]
[Result "1-0"]
[WhiteElo "2743"]
[BlackElo "2915"]
[TimeControl "180+1"]
[EndTime "9:45:39 PST"]
[Termination "Zurability won by resignation"]

1. Nf3 d6 2. d4 Nf6 3. c4 g6 4.
Nc3 Bf5 5. Nh4 Bd7 6. e4 e5 7.
Nf3 Nc6 8. d5 Ne7 9. c5 Bg7 10.
cxd6 cxd6 11. Bd3 O-O 12. O-O Nh5 13. Re1 Nf4 14. Bf1 Rc8 15. Be3 a6 16. a4 h6 17.
Qb3 Bg4 18. Nd2 Qc7 19. Nc4 f5 20. Bxf4 exf4 21. e5 Qc5 22. exd6 Nxd5 23. Ne5 Qxd6 24. Qxd5+ Qxd5 25. Nxd5 Kh7 26. h3 Bh5 27. Nxf4 1-0

[Event "Early-Titled-Tuesday-Blitz-January-16-2024"]
[Site "Chess.com"]
[Date "2024.01.16"]
[Round "9"]
[White "Konavets"]
[Black "sokidze"]
[Result "1-0"]
[WhiteElo "3146"]
[BlackElo "2817"]
[TimeControl "180+1"]
[EndTime "9:45:50 PST"]
[Termination "Konavets won by resignation"]

1. c4 e6 2. Nc3 d5 3. d4 a6 4. cxd5 exd5 5. Bf4 Nf6 6. e3 Bd6 7.
Bd3 Bxf4 8. exf4 O-O 9. Nge2 Bg4 10. f3 Bd7 11. g4 Re8 12. Qd2 Nc6 13. O-O-O Nb4 14. Bb1 Bb5 15. Ng3 Nc6 16. g5 Nd7 17. Qc2 Nf8 18. h4 Qd6 19. Qd2 Na5 20. Nf5 Qd7 21.
b3 Ne6 22. h5 Rec8 23. Kb2 b6 24.
g6 Nb7 25. Rdg1 Kh8 26. h6 fxg6 27. hxg7+ Nxg7 28. Nxg7 Kxg7 29. Rxh7+ Kxh7 30. Rxg6 Kh8 31. Qh2+ Qh7 32. Rg8+ Kxg8 33. Qxh7+ Kf8 34. Nxd5 1-0

[Event "Early-Titled-Tuesday-Blitz-January-16-2024"]
[Site "Chess.com"]
[Date "2024.01.16"]
[Round "9"]
[White "Vazabanga"]
[Black "Russian_berezka"]
[Result "1-0"]
[WhiteElo "2698"]
[BlackElo "2569"]
[TimeControl "180+1"]
[EndTime "9:45:52 PST"]
[Termination "Vazabanga won by resignation"]

1. d4 g6 2. c4 Bg7 3. Nf3 d6 4.
g3 Nf6 5. Bg2 O-O 6. O-O Nbd7 7.
Nc3 e5 8. e4 exd4 9. Nxd4 a6 10. Re1 Ne5 11. b3 Bd7 12. h3 Re8 13. Be3 Nc6 14.
Qd2 Nxd4 15. Bxd4 Bc6 16. Rad1 Qd7 17. Kh2 Nh5 18. Bxg7 Nxg7 19. f4 Re7 20. e5 Bxg2 21. Qxg2 Rae8 22. Qxb7 Qf5 23. Nd5 Qc2+ 24. Kg1 Rd7 25.
Nf6+ Kh8 26. Nxd7 Nf5 27. Qg2 Qc3 28. Nf6 Re6 29. Nd5 Qa5 30. g4 Qc5+ 31. Qf2 Ne3 32. Qxe3 1-0

[Event "Early-Titled-Tuesday-Blitz-January-16-2024"]
[Site "Chess.com"]
[Date "2024.01.16"]
[Round "9"]
[White "Cheer_Down"]
[Black "the_blue_pill"]
[Result "1-0"]
[WhiteElo "2505"]
[BlackElo "2337"]
[TimeControl "180+1"]
[EndTime "9:45:52 PST"]
[Termination "Cheer_Down won by resignation"]

1. d4 d5 2. Bf4 e6 3. e3 Bd6 4.
Bg3 Nf6 5. Nf3 O-O 6. Nbd2 c5 7. dxc5 Bxc5 8. a3 Nc6 9. Be2 d4 10. Nb3 Bb6 11. Nbxd4 Nxd4 12. exd4 Ne4 13. O-O Nxg3 14. hxg3 Bd7 15. c3 Bc6 16. Ne5 f6 17. Nxc6 bxc6 18. Bc4 Re8 19. Qg4 Qd6 20. Rfe1 Kh8 21. Rxe6 Rxe6 22. Qxe6 Qxe6 23. Bxe6 Re8 24. Bc4 c5 25.
dxc5 Bxc5 26. Kf1 Bb6 27. Rd1 g6 28. Rd7 Rd8 29. Rxd8+ Bxd8 30. Ke2 Kg7 31. Bd5 f5 32. f3 Bc7 33. g4 fxg4 34. fxg4 Kf6 35. Kd3 Ke5 36.
Bf3 g5 37. b4 h6 38. c4 a5 39.
c5 axb4 40. axb4 Bd8 41. Kc4 Ke6 42. b5 Kd7 43. b6 Kc8 44. Kb5 Kb8 45. Be4 Kc8 46.
Bf5+ Kb8 47. Kc6 Bf6 48. Kb5 Bd8 49. c6 1-0

[Event "Early-Titled-Tuesday-Blitz-January-16-2024"]
[Site "Chess.com"]
[Date "2024.01.16"]
[Round "9"]
[White "Legendinunknown"]
[Black "Msb2"]
[Result "0-1"]
[WhiteElo "2815"]
[BlackElo "3045"]
[TimeControl "180+1"]
[EndTime "9:45:56 PST"]
[Termination "Msb2 won by resignation"]

1. d4 d5 2. c4 e6 3. Nc3 Bb4 4. Nf3 Nf6 5. cxd5 exd5 6. Bg5 h6 7. Bxf6 Qxf6 8. Qb3 c5 9. e3 O-O 10. a3 Bxc3+ 11.
bxc3 c4 12. Qb5 Rd8 13. Be2 a6 14. Qb2 Nc6 15. O-O b5 16. a4 Rb8 17. axb5 axb5 18.
Nd2 Bf5 19. Bf3 b4 20. Ra6 Rd6 21. Rfa1 bxc3 22. Qxc3 Nxd4 23. Qxd4 Rxa6 24. Rxa6 Qxa6 25. Bxd5 c3 26. Qxc3 Qd6 27. Bf3 Rc8 28. Qb2 Rc2 0-1

[Event "Early-Titled-Tuesday-Blitz-January-16-2024"]
[Site "Chess.com"]
[Date "2024.01.16"]
[Round "9"]
[White "TrahtarBelarus"]
[Black "Talent-OF-Slovenia"]
[Result "1-0"]
[WhiteElo "2879"]
[BlackElo "2421"]
[TimeControl "180+1"]
[EndTime "9:45:58 PST"]
[Termination "TrahtarBelarus won by resignation"]

1. a3 c5 2. c4 Nc6 3. Nc3 Nf6 4. g3 g6 5. Bg2 Bg7 6. Nf3 O-O 7. d3 d5 8. cxd5 Nxd5 9. O-O Nxc3 10. bxc3 Re8 11.
Rb1 Bxc3 12. Qc2 Bg7 13. Qxc5 Qc7 14. Bf4 e5 15. Be3 Be6 16. Nd2 Rac8 17. Qb5 b6 18. Rfc1 Bd7 19. Qd5 Qd8 20. Ne4 Nd4 21. Bxd4 exd4 22.
Nd6 Rxc1+ 23. Rxc1 Rxe2 24. Qxf7+ Kh8 25. Qd5 Be6 26.
Nf7+ Bxf7 27. Qxd8+ 1-0

[Event "Early-Titled-Tuesday-Blitz-January-16-2024"]
[Site "Chess.com"]
[Date "2024.01.16"]
[Round "9"]
[White "JSPrepz"]
[Black "Tejas_Rama"]
[Result "1-0"]
[WhiteElo "2875"]
[BlackElo "2601"]
[TimeControl "180+1"]
[EndTime "9:46:02 PST"]
[Termination "JSPrepz won by resignation"]

1. e4 e5 2. Nf3 Nc6 3. Nc3 Nf6 4.
a3 d5 5. Bb5 Nxe4 6. Nxe5 Qf6 7. Nf3 Be6 8. O-O Bd6 9. Re1 Nxc3 10. dxc3 O-O 11. Bg5 Qg6 12. Bh4 Rfe8 13. Bg3 Bxg3 14. hxg3 Rad8 15. Bxc6 bxc6 16. Ne5 Qh6 17. Nxc6 Rd6 18.
Nd4 Qf6 19. Nb5 Rc6 20. Qd4 Qxd4 21. Nxd4 Rb6 22. b4 Rc8 23. Nb3 Bf5 24. Re2 Re6 25. Rd2 Bg6 26. Nc5 Rd6 27. Rad1 c6 28. c4 Bh5 29. f3 Bg6 30. cxd5 cxd5 31. c4 f6 32. Rxd5 Rxd5 33. cxd5 1-0

[Event "Early-Titled-Tuesday-Blitz-January-16-2024"]
[Site "Chess.com"]
[Date "2024.01.16"]
[Round "9"]
[White "DarZay"]
[Black "PapaieDudu"]
[Result "0-1"]
[WhiteElo "2256"]
[BlackElo "2404"]
[TimeControl "180+1"]
[EndTime "9:46:12 PST"]
[Termination "PapaieDudu won on time"]

1. e4 c5 2. Nf3 d6 3. d4 cxd4 4. Nxd4 Nf6 5. Nc3 a6 6. a4 e5 7.
Nb3 Nc6 8. a5 Be6 9. Be3 Bxb3 10.
Bb6 Bxc2 11. Qxc2 Qc8 12. Nd5 Be7 13. Nc7+ Kf8 14. Nxa8 Qxa8 15. Bc4 d5 16. exd5 Bb4+ 17. Kf1 Ne7 18. Rd1 Ne8 19. Qe2 Qc8 20. b3 Nd6 21.
Qxe5 Nxc4 22. bxc4 Qxc4+ 23. Qe2 Qf4 0-1

[Event "Early-Titled-Tuesday-Blitz-January-16-2024"]
[Site "Chess.com"]
[Date "2024.01.16"]
[Round "9"]
[White "Journey_to_GrandMaster_YT"]
[Black "MatthewG-p4p"]
[Result "0-1"]
[WhiteElo "2513"]
[BlackElo "2890"]
[TimeControl "180+1"]
[EndTime "9:46:13 PST"]
[Termination "MatthewG-p4p won by resignation"]

1. d4 h5 2. e4 h4 3. h3 b6 4. Bd3 Bb7 5. Nf3 e6 6. c4 d5 7. cxd5 exd5 8. e5 c5 9. Nc3 Nc6 10. Bf4 cxd4 11. Nb5 Bb4+ 12. Kf1 a6 13. Nbxd4 Nge7 14. e6 f6 15. Qc2 Bd6 16. Bg6+ Kf8 17. Be3 Rc8 18. Nxc6 Bxc6 19. Bd3 d4 20. Bxa6 Bb5+ 0-1

[Event "Early-Titled-Tuesday-Blitz-January-16-2024"]
[Site "Chess.com"]
[Date "2024.01.16"]
[Round "9"]
[White "temiksmozg"]
[Black "kidagent"]
[Result "0-1"]
[WhiteElo "2608"]
[BlackElo "2313"]
[TimeControl "180+1"]
[EndTime "9:46:15 PST"]
[Termination "kidagent won on time"]

1. e4 c6 2. Ne2 d5 3. e5 c5 4. d4 Nc6 5. dxc5 Nxe5 6. Nd4 Nf6 7. b4 e6 8. c3 Be7 9. Bf4 Ng6 10. Bg3 O-O 11. Nd2 Bd7 12. Be2 e5 13. N4f3 Re8 14.
O-O b6 15. cxb6 Qxb6 16. Nxe5 Nxe5 17. Bxe5 Rac8 18. Bd4 Qb8 19. Bd3 Ne4 20. Nxe4 dxe4 21. Be2 Bd6 0-1

[Event "Early-Titled-Tuesday-Blitz-January-16-2024"]
[Site "Chess.com"]
[Date "2024.01.16"]
[Round "9"]
[White "Soledadense88"]
[Black "LeoWin2012"]
[Result "1-0"]
[WhiteElo "2403"]
[BlackElo "2243"]
[TimeControl "180+1"]
[EndTime "9:46:18 PST"]
[Termination "Soledadense88 won on time"]

1. d4 Nf6 2. Nc3 e6 3. e4 d5 4. e5 Nfd7 5. Nce2 c5 6. c3 Nc6 7.
f4 Be7 8. Nf3 Qb6 9. a3 cxd4 10.
cxd4 Na5 11. b4 Nc4 12. Nc3 a5 13. b5 a4 14. Bxc4 dxc4 15. O-O Qa5 16. Bd2 Qb6 17. Kh1 f6 18. d5 exd5 19. Nxd5 Qc5 20. Bb4 Qxb5 21. Nc7+ Kf8 22. Nxb5 1-0

[Event "Early-Titled-Tuesday-Blitz-January-16-2024"]
[Site "Chess.com"]
[Date "2024.01.16"]
[Round "9"]
[White "guillembaches"]
[Black "Gryffindorac8"]
[Result "1-0"]
[WhiteElo "2517"]
[BlackElo "2371"]
[TimeControl "180+1"]
[EndTime "9:46:19 PST"]
[Termination "guillembaches won by resignation"]

1. d4 Nf6 2. Nf3 e6 3. Bg5 d5 4. Nbd2 Be7 5. e3 h6 6. Bh4 O-O 7. Bd3 c5 8. c3 b6 9. Ne5 Qc7 10. f4 Ba6 11. Bxa6 Nxa6 12. Qe2 Nb8 13. O-O Nbd7 14. Rf3 Rfe8 15. Raf1 Ne4 16. Nxe4 dxe4 17.
Rh3 Bxh4 18. Rxh4 Nf6 19. g4 Qe7 20. g5 hxg5 21. fxg5 Nh7 22. Rxf7 Qxg5+ 23. Rg4 1-0

[Event "Early-Titled-Tuesday-Blitz-January-16-2024"]
[Site "Chess.com"]
[Date "2024.01.16"]
[Round "9"]
[White "DreamsAreFake"]
[Black "bitter-cikolata"]
[Result "0-1"]
[WhiteElo "2745"]
[BlackElo "2571"]
[TimeControl "180+1"]
[EndTime "9:46:22 PST"]
[Termination "bitter-cikolata won by resignation"]

1. Nf3 c6 2. g3 d5 3. Bg2 Nf6 4. O-O g6 5. b3 Bg7 6. Bb2 O-O 7. e3 Bg4 8. h3 Bf5 9. d3 Na6 10. Nbd2 Qc7 11. Qe2 Rfe8 12. e4 dxe4 13. dxe4 Bd7 14. e5 Nd5 15. c4 Nb6 16. Ne4 c5 17. Rad1 Rad8 18. Neg5 h6 19. Nxf7 Kxf7 20. e6+ Bxe6 21. Bxg7 Bxc4 22. Ne5+ Kxg7 23. bxc4 Nd7 24. Nxd7 Rxd7 25.
Qb2+ e5 26. Rxd7+ Qxd7 27. Re1 Qc7 28. f4 Nb4 29. Rxe5 Rxe5 30. fxe5 Nd3 31. e6+ Nxb2 0-1

[Event "Early-Titled-Tuesday-Blitz-January-16-2024"]
[Site "Chess.com"]
[Date "2024.01.16"]
[Round "9"]
[White "Caroexpert"]
[Black "Cambek64"]
[Result "1-0"]
[WhiteElo "2567"]
[BlackElo "2448"]
[TimeControl "180+1"]
[EndTime "9:46:25 PST"]
[Termination "Caroexpert won by resignation"]

1. d4 c5 2. d5 e5 3. Nc3 d6 4. e4 Nf6 5. Nf3 Be7 6. Be2 O-O 7. O-O Nbd7 8. Nd2 Ne8 9. Nc4 Nb6 10. Ne3 a6 11. a4 Bg5 12. g3 Bxe3 13. Bxe3 Bh3 14. Re1 Nd7 15. f4 f5 16. Bd3 fxe4 17. Nxe4 Ndf6 18.
Ng5 Qd7 19. fxe5 dxe5 20. Bxc5 Qxd5 21. Bxh7+ Kh8 22. Qxd5 Nxd5 23. Bxf8 Nef6 24. Nxh3 Kxh7 25. Bc5 Rc8 26. b4 b6 27. c4 bxc5 28. cxd5 cxb4 29. Rxe5 b3 30. Rb1 Rc3 31. Nf2 Kg6 32. d6 Rc6 33.
Ne4 Rc4 34. Nxf6 gxf6 35. Rd5 b2 36. Rxb2 1-0

[Event "Early-Titled-Tuesday-Blitz-January-16-2024"]
[Site "Chess.com"]
[Date "2024.01.16"]
[Round "9"]
[White "UNSTOPPABLE_LEGEND"]
[Black "elchacal664"]
[Result "1-0"]
[WhiteElo "2516"]
[BlackElo "2368"]
[TimeControl "180+1"]
[EndTime "9:46:25 PST"]
[Termination "UNSTOPPABLE_LEGEND won by resignation"]

1. e4 c5 2. Nf3 Nc6 3. d4 cxd4 4. Nxd4 g6 5. c4 Bg7 6. Be3 Nf6 7. Nc3 O-O 8. Be2 d6 9. O-O Bd7 10. h3 Nxd4 11. Bxd4 a5 12. b3 Bc6 13. Qd3 Nd7 14. Bxg7 Kxg7 15. Kh2 Qb6 16. f4 Nc5 17. Qc2 f5 18. Bf3 fxe4 19. Nxe4 Nxe4 20. Bxe4 Rae8 21. Qc3+ Kh6 22. Rae1 Bxe4 23. Rxe4 e5 24. Qc1 Kg7 25. fxe5 Rxf1 26. Qxf1 dxe5 27. Qd3 Re7 28. Qd5 Qf6 29. Qxa5 Qf5 30. Qd5 Qf2 31. Qd6 Re8 32. a4 Qf5 33. Qd5 Re7 34. a5 Rd7 35. Qxe5+ Qxe5+ 36. Rxe5 Rd3 37. Rb5 Kf6 38. Rxb7 Rc3 39. a6 1-0